 Dungeon Sprint DCSS version 0.24-a0-25-g8489be9 (webtiles) character file.

Game seed: 6507425184310369783

8 tatocazan the Shield-Bearer (level 2, -10/30 HPs)
             Began as a Minotaur Fighter on Feb 2, 2019.
             Was an Initiate of the Shining One.
             Mangled by a white ugly thing (28 damage)
             ... in the Dungeon (Sprint V: "Ziggurat Sprint").
             The game lasted 00:05:09 (175 turns).

tatocazan the Shield-Bearer (Minotaur Fighter)       Turns: 175, Time: 00:05:10

Health: -10/30     AC: 16    Str: 22    XL:     2   Next: 0%
Magic:  0/3        EV:  6    Int:  5    God:    the Shining One [......]
Gold:   0          SH: 13    Dex:  9    Spells: 1/1 levels left

rFire    . . .     SeeInvis .   p - +5 double sword
rCold    . . .     Gourm    .   F - +3 shield of Hopscotch {MR+ Str+2}
rNeg     . . .     Faith    .   n - +5 shadow dragon scales
rPois    .         Spirit   .   (helmet restricted)
rElec    .         Reflect  .   (no cloak)
rCorr    .         Harm     .   (no gloves)
MR       +....     NoTele   +   (no boots)
Stlth    +.........             (no amulet)
HPRegen  0.10/turn              (no ring)
MPRegen  0.08/turn              (no ring)

@: glowing
A: retaliatory headbutt, horns 2
a: Renounce Religion


You were in the Dungeon.
You worshipped the Shining One.
The Shining One was noncommittal.
You were not hungry.

You visited 1 branch

Inventory:

Hand Weapons
 m - the +6 shillelagh "Devastator" {shatter}
   (You found it in the Dungeon)
 o - a +5 demon blade
 p - a +5 double sword (weapon)
 E - the +8 lance "Wyrmbane" {slay drac, rPois rF+ rC+ AC+3}
   (You found it in the Dungeon)

   It affects your AC (+3).
   It protects you from fire.
   It protects you from cold.
   It protects you from poison.
 H - the +9 sword of Zonguldrok {reap}
   (You found it in the Dungeon)

   If a monster killed with it leaves a corpse in good enough shape, the corpse
   will be animated as a zombie friendly to the killer.
   The Shining One disapproves of the use of such an item.
 L - a +5 fustibalus
Missiles
 K - 1000 sling bullets
Armour
 b - a +0 scale mail
 c - +5 gold dragon scales
 l - a +3 large shield
 n - +5 shadow dragon scales (worn)
 F - the +3 shield of Hopscotch (worn) {MR+ Str+2}
   (You found it in the Dungeon)

   It affects your strength (+2).
   It affects your resistance to hostile enchantments.
Jewellery
 D - a +6 ring of dexterity
 G - a +6 ring of intelligence
 I - a +6 ring of strength
 J - an uncursed ring of flight
Wands
 y - a wand of disintegration (7)
 B - a wand of iceblast (7)
 C - a wand of acid (7)
Scrolls
 a - 4 scrolls of amnesia
 k - 4 scrolls of blinking
 q - 7 scrolls of fog
 r - a scroll of holy word
 s - 5 scrolls of identify
 t - 5 scrolls of remove curse
 u - 2 scrolls of fear
Potions
 d - 6 potions of might
 e - 10 potions of curing
 g - 10 potions of heal wounds
 h - 6 potions of haste
 i - 7 potions of magic
 j - 3 potions of berserk rage
 v - 2 potions of brilliance
 w - 2 potions of invisibility
 x - 4 potions of resistance
 A - 5 potions of agility
Miscellaneous
 M - a lightning rod (4/4)
Comestibles
 f - 7 rations


   Skills:
 + Level 5.7 Fighting
 + Level 5.0 Long Blades
 + Level 3.6 Armour
 + Level 0.0 Dodging
 + Level 5.7 Shields
 + Level 3.4 Invocations


You had one spell level left.
You didn't know any spells.
Your spell library was empty.

Dungeon Overview and Level Annotations

Branches:
Dungeon (1/1)

Altars:
Ashenzari
Cheibriados
Dithmenos
Elyvilon
Fedhas
Gozag
Hepliaklqana
Kikubaaqudgha
Makhleb
Nemelex Xobeh
Okawaru
Qazlal
Ru
Sif Muna
Trog
Uskayaw
Vehumet
Wu Jian
Xom
Yredelemnul
Zin
The Shining One
Beogh
Jiyva
Lugonu

Annotations:
D 1 transporter


Innate Abilities, Weirdness & Mutations

You reflexively headbutt those who attack you in melee.
You have a pair of horns on your head.


Message History

Your Fighting skill gained 2 levels and is now at level 5!
Your Long Blades skill gained 3 levels and is now at level 5!
Your Shields skill gained 2 levels and is now at level 5!
Your Invocations skill gained 3 levels and is now at level 3!
You have reached level 2!
Health restored: 30 Really attack while wielding the +9 sword of Zonguldrok {reap}?
This could place you under penance!
Okay, then.
Wield which item (- for none, * to show all)? (? for menu, Esc to quit)
p - a +5 double sword (weapon)
You hit the white ugly thing but do no damage.
You block the white ugly thing's attack.
The warg bites you!
You take 10 damage, and have 20/30 hp.
MASSIVE DAMAGE!!
You closely miss the warg. You block the warg's attack.
You block the white ugly thing's attack.
You block the warg's attack. The white ugly thing stings you.
The white ugly thing freezes you!!
Ouch! That really hurt!
You die...

▓▓▓▓▓▓▓
▓.8©8.▓
▓.....▓
▓.).[.▓
▓.....▓
▓.hu..▓
▓..@..▓
▓▓▓▓▓▓▓


You could see a white ugly thing and a warg.

Vanquished Creatures (others)
  Gastronok (D)
1 creature vanquished.

Notes
Turn   | Place    | Note
-------+----------+-------------------------------------------
     0 | D        | Found the +6 Majin-Bo {vamp, Archmagi MP+6 Int+6}
     0 | D        | Found the +7 great mace "Firestarter" {inner flame, rF++}
     0 | D        | tatocazan the Minotaur Fighter began the quest for the Orb.
     0 | D        | Reached XP level 1. HP: 19/19 MP: 0/0
     0 | D        | Found a blossoming altar of Fedhas.
    17 | D        | Killed Gastronok
    41 | D        | Found a viscous altar of Jiyva.
    41 | D        | Found a hazy altar of Hepliaklqana.
    41 | D        | Found a transporter.
    41 | D        | Found an opulent altar of Gozag.
    41 | D        | Found an ancient bone altar of Kikubaaqudgha.
    41 | D        | Found a corrupted altar of Lugonu.
    55 | D        | Found a burning altar of Makhleb.
    56 | D        | Found a sacrificial altar of Ru.
    56 | D        | Found a stormy altar of Qazlal.
    56 | D        | Found a deep blue altar of Sif Muna.
    56 | D        | Found an iron altar of Okawaru.
    56 | D        | Found a bloodstained altar of Trog.
    56 | D        | Found a sparkling altar of Nemelex Xobeh.
    81 | D        | Found the +6 shillelagh "Devastator" {shatter}
    81 | D        | Found the +11 plutonium sword {*Contam Stlth-}
    81 | D        | Found the +8 lance "Wyrmbane" {slay drac, rPois rF+ rC+
                  | AC+3}
    81 | D        | Found the +9 sword of Zonguldrok {reap}
    81 | D        | Found the cursed +13 scythe of Curses {drain, *Curse}
    81 | D        | Found the +0 sword of Power
    81 | D        | Found the +7 mace of Variability {chain chaos}
    81 | D        | Found the +7 Singing Sword {slice, sonic wave}
    86 | D        | Found the +9 heavy crossbow "Sniper" {velocity, Acc+∞ SInv}
    86 | D        | Found the +10 dark maul {crush}
    86 | D        | Found the +15 Maxwell's patent armour {-Cast -Tele rElec
                  | MR+ rCorr}
    86 | D        | Found the cursed +14 obsidian axe {chop, +Fly SInv *Curse}
    86 | D        | Got the +3 shield of Hopscotch {MR+ Str+2}
   147 | D        | Became a worshipper of the Shining One
   171 | D        | Entered arena 2.
   171 | D        | Noticed a white ugly thing
   171 | D        | Noticed a warg
   171 | D        | Found a transporter.
   172 | D        | Reached skill level 5 in Fighting
   172 | D        | Reached skill level 5 in Long Blades
   172 | D        | Reached skill level 5 in Shields
   172 | D        | Reached XP level 2. HP: 30/30 MP: 0/3
   175 | D        | Mangled by a white ugly thing

Vault maps used:
D:        sprint_v

Skill      XL: |  1 |
---------------+----+-----
Fighting       | 5 |  5.7
Long Blades    | 5 |  5.0
Shields        | 5 |  5.7
Invocations    | 3 |  3.4
Armour         | |  3.6

Action                   || total
-------------------------++-------
Melee: Double sword      ||     2
  Use: Potion            ||     1
Block: Shield            ||     4

Table legend:
 A = Non-vault XP
 B = Vault XP
 C = Vault XP percentage of total XP
 D = Non-vault monster count
 E = Vault monster count
 F = Vault count percentage of total count
                 A         B        C        D         E       F
            +---------+---------+-------+---------+---------+-------
      Total |       0 |       0 |   N/A |       0 |       0 |  -nan
            +---------+---------+-------+---------+---------+-------
            +---------+---------+-------+---------+---------+-------
